 Dungeon Crawl Stone Soup version 0.29.1 (webtiles) character file.

Game seed: 7035278024935154254

0 xian the Gusty (level 1, -3/10 HPs)
             Began as a Tengu Air Elementalist on Sept 15, 2022.
             Frozen to death by an endoplasm (4 damage)
             ... on level 1 of the Dungeon.
             The game lasted 00:00:12 (17 turns).

xian the Gusty (Tengu Air Elementalist)               Turns: 17, Time: 00:00:13

Health: -3/10      AC:  2    Str:  8    XL:     1   Next: 0%
Magic:  1/4        EV: 12    Int: 15    God:
Gold:   0          SH:  0    Dex: 14    Spells: 3/4 levels left

rFire   . . .      SeeInvis .   (no weapon)
rCold   . . .      Faith    .   (no shield)
rNeg    . . .      Spirit   .   a - +0 robe
rPois   .          Reflect  .   (helmet restricted)
rElec   .          Harm     .   (no cloak)
rCorr   .          Rampage  .   (no gloves)
Will    .....                   (boots unavailable)
Stlth   ++........              (no amulet)
HPRegen 0.03/turn               (no ring)
MPRegen 0.09/turn               (no ring)

@: no status effects
A: beak, talons 3
a: no special abilities


You were on level 1 of the Dungeon.
You visited 1 branch of the dungeon, and saw 1 of its levels.

Inventory:

Armour
 a - a +0 robe (worn)
Potions
 b - a potion of magic


   Skills:
 + Level 2.1 Dodging
 + Level 2.0 Stealth
 + Level 2.0 Spellcasting
 + Level 1.3 Conjurations
 + Level 4.0 Air Magic


You had 3 spell levels left.
You knew the following spells:

 Your Spells              Type           Power      Damage    Failure   Level
a - Shock                 Conj/Air       36%        1d5       8%          1

Your spell library contained the following spells:

 Spells                   Type           Power      Damage    Failure   Level
 Static Discharge         Conj/Air       9%         3-5/arc   11%         2
 Swiftness                Air            13%        N/A       13%         3
 Airstrike                Air            6%         2d(1-17)  38%         4


Dungeon Overview and Level Annotations

Branches:
Dungeon (1/15)

Altars:


Innate Abilities, Weirdness & Mutations

You have a beak for a mouth.
You have claws for feet.


Message History

The hobgoblin shouts!
The endoplasm quivers.
The zap misses the bat.
The zap misses the goblin. x2; The bat hits you.
The zap misses the bat.
The bat closely misses you.
A ball python comes into view.
The bat closely misses you.
You are out of magic!
The bat hits you but does no damage.
The goblin hits the toadstool with a +0 club.
The toadstool is destroyed!
The bat attacks as you move away! The bat barely misses you.
The bat hits you but does no damage.
The hobgoblin hits the toadstool.
The toadstool is destroyed!
The bat misses you.
There is a staircase leading out of the dungeon here.
You are out of magic!
The bat attacks as you move away! The bat closely misses you.
The ball python hisses angrily.
The bat hits you.
Your magical contamination has completely faded away.
You are out of magic!
The bat barely misses you.
Found a scroll labelled ASUFEI LERE.
Why would you want to do that? Why would you want to do that? The bat hits you.
The bat barely misses you. The bat closely misses you.
The bat hits you but does no damage. The goblin hits you with a +0 club.
* * * LOW HITPOINT WARNING * * *
You barely miss the ball python. The bat closely misses you.
The ball python completely misses you. The ball python misses you.
The goblin hits you but does no damage. The bat hits you but does no damage.
You hit the ball python. Your peck misses the ball python.
The ball python is heavily wounded.
The bat hits you but does no damage. The ball python bites you.
* * * LOW HITPOINT WARNING * * *
The ball python closely misses you. The endoplasm freezes you.
You are frozen.
You die...

##..........#
#...........### ###
##..............
...##≈.......≈......
#..≈♣≈.....≈♣≈.....
#.≈♣⌠♣≈≈≈≈≈♣⌠♣≈....
#..≈♣.....b.♣≈.....
#...≈...<.g.≈......
.....≈......J@♣≈....#
...#≈PgP≈≈≈≈S♣⌠♣≈...?
##...≈.≈.....≈♣≈#####
......≈.......≈##
....$..........#
###............#
..##.........#
.......


You could see an endoplasm, a hobgoblin, a goblin, a bat and a ball python.

Vanquished Creatures (others)
  2 toadstools (D:1)
2 creatures vanquished.

Notes
Turn   | Place    | Note
-------+----------+-------------------------------------------
     0 | D:1      | xian the Tengu Air Elementalist began the quest for the
                  | Orb.
     0 | D:1      | Reached XP level 1. HP: 10/10 MP: 4/4
    17 | D:1      | Frozen to death by an endoplasm

Illustrated notes

Levels and vault maps discovered:
D:1:      ldierk_water_garden, layout_rooms,
          hellmonk_ecumenical_altar_heavens_door, serial_park_tiny_1,
          minivault_25, amcnicky_mini_rare_corridor_liquid

Action                   || total
-------------------------++-------
Melee: Unarmed           ||     2
 Cast: Shock             ||     3
Armor: Robe              ||     6
Dodge: Dodged            ||    12
